 Dungeon Sprint DCSS version 0.27.1-33-g824d729ab1 (webtiles) character file.

Game seed: 15750854475911176841

628 manyhoops the Fighter (level 7, -7/91 HPs)
             Began as an Ogre Hunter on Nov 25, 2021.
             Was an Initiate of Trog.
             Shot with an arrow by a centaur warrior (23 damage)
             ... in the Dungeon (Sprint I: "Red Sonja").
             The game lasted 00:02:19 (866 turns).

manyhoops the Fighter (Ogre Hunter)                  Turns: 866, Time: 00:02:19

Health: -7/91      AC:  4    Str: 19    XL:     7   Next: 48%
Magic:  7/7        EV:  9    Int: 15    God:    Trog [......]
Gold:   193        SH:  0    Dex:  9    Spells: 6/6 levels left

rFire    . . .     SeeInvis .   l - +4 club
rCold    . . .     Faith    .   (no shield)
rNeg     . . .     Spirit   .   b - +0 robe
rPois    .         Reflect  .   (helmet restricted)
rElec    +         Harm     .   d - +0 cloak of the Game of Life {*Slow rElec Will++ Int+3}
rCorr    .         Rampage  .   (gloves unavailable)
Will     ++...     NoTele   +   (boots unavailable)
Stlth    +.........             (no amulet)
HPRegen  0.25/turn              (no ring)
MPRegen  0.10/turn              (no ring)

@: no status effects
A: large, unfitting armour, tough skin 1
a: Renounce Religion


You were in the Dungeon.
You worshipped Trog.
Trog was noncommittal.
You visited 1 branch You collected 421 gold pieces.
You spent 228 gold pieces at shops.

Inventory:

Hand Weapons
 a - a +0 short sword
 e - a +0 giant club
 l - a +4 club (weapon)
Missiles
 c - a large rock (quivered)
Armour
 b - a +0 robe (worn)
 d - the +0 cloak of the Game of Life (worn) {*Slow rElec Will++ Int+3}
   (You bought it in a shop in the Dungeon)

   Int:       It affects your intelligence (+3).
   rElec:     It insulates you from electricity.
   *Slow:     It may slow you when you take damage.
   Will:      It greatly increases your willpower.
Wands
 k - a wand of digging (2)
Scrolls
 j - a scroll of blinking
Potions
 f - a potion of heal wounds
 g - a potion of haste
 h - 2 potions of magic
 i - a potion of berserk rage


   Skills:
 - Level 12.2 Fighting
 - Level 10.2 Maces & Flails
 + Level 7.1 Throwing
 - Level 1.7 Dodging
 - Level 0.6 Stealth


You had 6 spell levels left.
You didn't know any spells.
Your spell library was empty.

Dungeon Overview and Level Annotations

Branches:
Dungeon (1/1)

Altars:
Cheibriados
Dithmenos
Elyvilon
Fedhas
Gozag
Hepliaklqana
Kikubaaqudgha
Makhleb
Nemelex Xobeh
Okawaru
Qazlal
Ru
Sif Muna
Trog
Uskayaw
Vehumet
Wu Jian
Xom
Yredelemnul
Zin
The Shining One
Jiyva
Lugonu

Shops:
D [


Innate Abilities, Weirdness & Mutations

You are too large for most types of armour.
You have tough skin. (AC +1)


Message History

A centaur warrior comes into view.
Throw: 5 large rocks
Press: ? - help, Q - select action Shift-Dir - straight line, f - centaur warrior
Aim: a centaur warrior, quivering arrows (asleep, 98% to hit)
You throw a large rock.
The large rock hits the centaur warrior!
The centaur warrior shouts!
The centaur warrior is moderately wounded.
Throw: 4 large rocks
Press: ? - help, Q - select action Shift-Dir - straight line, f/p - centaur warrior
Aim: a centaur warrior, quivering arrows (purple smoke, moderately wounded, 72% to hit)
You throw a large rock.
The large rock hits the centaur warrior!!
The centaur warrior is severely wounded.
You hear a splash.
The centaur warrior wields a +0 shortbow.
The centaur warrior shoots an arrow.
The arrow hits you!
Throw: 3 large rocks
Press: ? - help, Q - select action Shift-Dir - straight line, f/p - centaur warrior
Aim: a centaur warrior, wielding a +0 shortbow and quivering arrows (purple smoke, severely wounded, 72% to hit)
You throw a large rock.
The large rock hits the centaur warrior!
The centaur warrior is almost dead.
You hear a splash.
The centaur warrior shoots an arrow.
The arrow hits you!!
The centaur warrior shoots an arrow.
The arrow hits you!!
A centaur warrior comes into view.
Throw: 2 large rocks
Press: ? - help, Q - select action Shift-Dir - straight line, f/p - centaur warrior
Aim: a centaur warrior, wielding a +0 shortbow and quivering arrows (almost dead, 72% to hit)
You throw a large rock.
The large rock hits the centaur warrior!
You kill the centaur warrior!
Trog accepts your kill.
You hear a splash. x3
The centaur warrior wields a +0 shortbow.
The centaur warrior shoots an arrow.
The arrow hits you!!
* * * LOW HITPOINT WARNING * * *
The centaur warrior shoots an arrow.
The arrow hits you!!
You die...

##########################
#<.#..'..#..'..#__#..+..K#
#..'..#.†').#..'^.'..#
#..[####'#####'#__####
#..####..#...#)####
#..#__####..##@#
#..#_____##'#_.§(§§§
#⌠⌠#_.∩...'..._#c§§§c#
####_..__##_.#'##+###
#_____###+#)# ####### ###


You could see a centaur warrior.

Vanquished Creatures
  A centaur warrior (D)
  A slime creature (D)
  Sigmund (D)
  A yak (D)
  An ogre (D)
  A jelly (D)
  Ijyb (D)
7 creatures vanquished.

Vanquished Creatures (others)
  A hornet (D)
1 creature vanquished.

Grand Total: 8 creatures vanquished

Notes
Turn   | Place    | Note
-------+----------+-------------------------------------------
     0 | D        | manyhoops the Ogre Hunter began the quest for the Orb.
     0 | D        | Reached XP level 1. HP: 22/22 MP: 1/1
     3 | D        | Noticed Ijyb
     6 | D        | Killed Ijyb
     7 | D        | Reached XP level 2. HP: 29/29 MP: 2/2
     7 | D        | Reached XP level 3. HP: 36/36 MP: 3/3
   119 | D        | Noticed an ogre
   120 | D        | Killed an ogre
   121 | D        | Reached XP level 4. HP: 44/44 MP: 4/4
   200 | D        | Noticed Sigmund
   212 | D        | Killed Sigmund
   213 | D        | Reached XP level 5. HP: 45/50 MP: 5/5
   213 | D        | Reached XP level 6. HP: 53/59 MP: 6/6
   262 | D        | Found an ornate altar of the Wu Jian Council.
   262 | D        | Found a shimmering blue altar of Sif Muna.
   265 | D        | Found a radiant altar of Vehumet.
   276 | D        | Reached skill level 10 in Maces & Flails
   431 | D        | Found Caodu's Antique Armour Emporium.
   431 | D        | Found an ancient bone altar of Kikubaaqudgha.
   431 | D        | Found a hazy altar of Hepliaklqana.
   431 | D        | Found a stormy altar of Qazlal.
   431 | D        | Found a hide-covered altar of Uskayaw.
   431 | D        | Found a blossoming altar of Fedhas.
   431 | D        | Found a bloodstained altar of Trog.
   431 | D        | Found an iron altar of Okawaru.
   431 | D        | Found a basalt altar of Yredelemnul.
   431 | D        | Found a glowing golden altar of the Shining One.
   431 | D        | Found a snail-covered altar of Cheibriados.
   431 | D        | Found a sacrificial altar of Ru.
   431 | D        | Found a glowing silver altar of Zin.
   431 | D        | Found a shadowy altar of Dithmenos.
   431 | D        | Found a white marble altar of Elyvilon.
   431 | D        | Noticed a yak
   433 | D        | Found an opulent altar of Gozag.
   445 | D        | Killed a yak
   446 | D        | Reached skill level 9 in Fighting
   446 | D        | Found a sparkling altar of Nemelex Xobeh.
   591 | D        | Bought a pitted cloak for 228 gold pieces
   591 | D        | Identified the +0 cloak of the Game of Life {*Slow rElec
                  | Will++ Int+3} (You bought it in a shop in the Dungeon)
   599 | D        | Became a worshipper of Trog the Wrathful
   616 | D        | Found a viscous altar of Jiyva.
   616 | D        | Found a corrupted altar of Lugonu.
   616 | D        | Noticed a slime creature
   617 | D        | Found a burning altar of Makhleb.
   617 | D        | Found a shimmering altar of Xom.
   621 | D        | Killed a slime creature
   622 | D        | Reached skill level 12 in Fighting
   622 | D        | Reached XP level 7. HP: 59/91 MP: 7/7
   700 | D        | Killed a hornet
   834 | D        | Noticed a kobold demonologist
   863 | D        | Noticed a centaur warrior
   865 | D        | Noticed a centaur warrior
   866 | D        | Killed a centaur warrior
   866 | D        | Shot with an arrow by a centaur warrior

Illustrated notes

Levels and vault maps discovered:
D:        dungeon_sprint_1 [red_sonja_temple_1, red_sonja_temple_small_1]

Skill      XL: |  1  2  3  4  5  6 |
---------------+-------------------+-----
Throwing       | 7 |  7.1
Maces & Flails | 6 9 10 | 10.2
Fighting       | 12 | 12.2
Dodging        | |  1.7
Stealth        | |  0.6

Action                   |  1- 3 |  4- 6 |  7- 9 || total
-------------------------+-------+-------+-------++-------
Melee: Club              |       |    22 |       ||    22
Throw: Large rock        |     4 |     9 |     4 ||    17
       Throwing net      |       |     4 |       ||     4
  Use: Potion            |       |     1 |       ||     1
 Stab: Held in net/web   |       |     3 |       ||     3
Armor: Robe              |       |     1 |       ||     1
Dodge: Dodged            |       |     8 |       ||     8
